 Dungeon Crawl Stone Soup version 0.31-a0-819-gf6de2f5ab6 (webtiles) character file.

Game seed: 9742674288312586235

596 qw the Shooter (level 7, -9/44 HPs)
             Began as a Gargoyle Hunter on Sept 23, 2023.
             Mangled by an iguana (11 damage)
             ... on level 5 of the Dungeon.
             The game lasted 00:01:18 (2558 turns).

qw the Shooter (Gargoyle Hunter)                    Turns: 2558, Time: 00:01:18

Health: -9/44      AC: 12    Str: 15    XL:     7   Next: 40%
Magic:  7/7        EV: 11    Int:  9    God:
Gold:   178        SH:  0    Dex: 15    Spells: 6/6 levels left

rFire   . . .        Y - +1 shortbow
rCold   + . .        (shield currently unavailable)
rNeg    + . .        h - +0 ring mail
rPois   inf          (no helmet)
rElec   +            (no cloak)
rCorr   .            (no gloves)
SInv    .            f - +1 pair of boots
Will    .....        g - amulet of faith
Stlth   +            d - ring of protection from cold
HPRegen 0.27/turn    i - +4 ring of slaying {mikee}
MPRegen 0.10/turn

%: faith
@: no status effects
A: sickness immunity, AC +4, negative energy resistance 1, electricity
resistance, torment resistance 1, petrification resistance
a: no special abilities


You were on level 5 of the Dungeon.
You visited 1 branch of the dungeon, and saw 5 of its levels.

You collected 178 gold pieces.


Innate Abilities, Weirdness & Mutations

You are immune to sickness and miasma.
Your stone body is resilient. (AC +4)
You are immune to poison.
You resist negative energy. (rN+)
You are resistant to electric shocks. (rElec)
You are resistant to unholy torment.
You are immune to petrification.


   Skills:
 - Level 4.3 Fighting
 + Level 7.9 Ranged Weapons
 - Level 1.0 Armour
 - Level 1.5 Dodging
 - Level 1.1 Stealth


You had 6 spell levels left.
You didn't know any spells.
Your spell library was empty.

Inventory:

Hand Weapons
 Y - a +1 shortbow (weapon)
Armour
 f - a +1 pair of boots (worn)
 h - a +0 ring mail (worn)
Jewellery
 d - a ring of protection from cold (left hand)
 g - an amulet of faith (around neck)
 i - a +4 ring of slaying (right hand) {mikee}
Scrolls
 e - a scroll of identify
Potions
 b - a potion of curing
 c - a potion of enlightenment

Dungeon Overview and Level Annotations

Branches:
Dungeon (5/15)
 Temple: D:4-7

Altars:

Annotations:
D:5 Grinder


Message History

Enter note:
Enter note:
2549 |||
Found retreat position at -4,-4 (floor) with 0 blocking monsters and 2 monsters attacking at destination at distance 4
2549 ||| Stepping ~*~*~tactically~*~*~ (retreating).
The jelly attacks as it pursues you! The jelly hits you but does no damage.
Enter note:
Enter note:
2550 |||
Found retreat position at -3,-3 (floor) with 0 blocking monsters and 2 monsters attacking at destination at distance 3
2550 ||| Stepping ~*~*~tactically~*~*~ (retreating).
Enter note:
Enter note:
2551 |||
Found retreat position at -2,-2 (floor) with 0 blocking monsters and 2 monsters attacking at destination at distance 2
2551 ||| Stepping ~*~*~tactically~*~*~ (retreating).
Grinder says, "Tell me all your secrets, or I'll kill you."
Enter note:
Enter note:
2552 |||
Found retreat position at -1,-1 (floor) with 0 blocking monsters and 2 monsters attacking at destination at distance 1
2552 ||| Stepping ~*~*~tactically~*~*~ (retreating).
You shoot an arrow. The arrow barely misses the jelly.
The arrow hits Grinder!
Grinder is severely wounded.
The jelly barely misses you.
You shoot an arrow. The arrow hits the iguana!
The iguana is severely wounded.
The jelly completely misses you.
The iguana bites you but does no damage.
You shoot an arrow. The arrow barely misses the iguana.
The jelly hits you.
You are splashed with acid!
The iguana barely misses you.
Grinder says, "DUCK!"
You shoot an arrow.
The arrow hits the iguana but does no damage.
The iguana is severely wounded.
The jelly hits you.
You are splashed with acid!
The iguana barely misses you.
You shoot an arrow.
The arrow hits the iguana but does no damage.
The iguana is severely wounded.
The jelly hits you but does no damage. The iguana barely misses you.
Grinder blinks!
You shoot an arrow. The arrow closely misses the iguana.
The jelly hits you but does no damage. The iguana bites you!
You die...

#.........##.
#......######
###....###### #
###.....###...### #
###......##........
#.##........#.........
....................
#.##...............
#@l¤..............
##J...............
##...............
##..............
#..............
#..........<...
##.......<......
#...............
#...............


You could see an iguana and a jelly.

Vanquished Creatures
  Eustachio (D:4)
  2 ogres (D:4)
  2 jellies (D:4)
  An iguana (D:5)
  An orc wizard (D:3)
  9 adders
  A worm (D:4)
  3 dart slugs
  12 orcs
  2 bats
  5 endoplasms
  5 giant cockroaches
  10 hobgoblins
  5 quokkas
  15 ball pythons
  4 frilled lizards
  5 goblins
  5 kobolds
  7 rats
95 creatures vanquished.

Notes
Turn   | Place    | Note
-------+----------+-------------------------------------------
     0 | D:1      | qw the Gargoyle Hunter began the quest for the Orb.
     0 | D:1      | Reached XP level 1. HP: 12/12 MP: 1/1
     0 | D:1      | 0 ||| qw: Version: 0.3-a-83-gcd0e7d8
     0 | D:1      | 0 ||| qw: Game counter: 1469
     0 | D:1      | 0 ||| qw: Melee chars always use a shield: true
     0 | D:1      | 0 ||| qw: God list: Okawaru
     0 | D:1      | 0 ||| qw: Allow faded altars: false
     0 | D:1      | 0 ||| qw: Do Orc after clearing Dungeon:15 true
     0 | D:1      | 0 ||| qw: Do second Lair branch before Depths: true
     0 | D:1      | 0 ||| qw: Lair rune preference: random
     0 | D:1      | 0 ||| qw: Goals: Normal
     0 | D:1      | 0 ||| PLANNING D:1-11
    82 | D:1      | Reached XP level 2. HP: 17/17 MP: 2/2
   283 | D:1      | Reached XP level 3. HP: 21/21 MP: 3/3
   548 | D:1      | 548 ||| UPGRADING to +0 pair of boots.
   553 | D:1      | 553 ||| UPGRADING to ring of protection from cold.
   554 | D:1      | 554 ||| READING scroll labelled FYBUSE RUITOOK.
   555 | D:1      | 555 ||| DROPPING scroll of butterflies.
   569 | D:2      | Reached skill level 5 in Ranged Weapons
   901 | D:2      | Reached skill level 3 in Fighting
   962 | D:2      | Reached XP level 4. HP: 28/28 MP: 4/4
  1621 | D:3      | 1621 ||| RETREEAATING.
  1631 | D:3      | Reached XP level 5. HP: 26/32 MP: 5/5
  1765 | D:3      | 1765 ||| UPGRADING to +0 ring mail.
  1775 | D:3      | 1775 ||| DROPPING +0 leather armour.
  1776 | D:3      | 1776 ||| UPGRADING to amulet of faith.
  1781 | D:3      | 1781 ||| UPGRADING to +4 ring of slaying {mikee}.
  1827 | D:4      | 1827 ||| STAIRDANCE
  1853 | D:4      | Reached skill level 1 in Armour
  1883 | D:4      | Reached skill level 6 in Ranged Weapons
  1910 | D:4      | Noticed an ogre
  1915 | D:4      | Killed an ogre
  1916 | D:4      | Reached XP level 6. HP: 39/39 MP: 6/6
  2139 | D:4      | Noticed Eustachio
  2143 | D:4      | 2143 ||| RETREEAATING.
  2144 | D:4      | 2144 ||| STILL RETREEAATING.
  2145 | D:4      | 2145 ||| STILL RETREEAATING.
  2146 | D:4      | 2146 ||| STILL RETREEAATING.
  2147 | D:4      | 2147 ||| STILL RETREEAATING.
  2149 | D:4      | 2149 ||| Stepping ~*~*~tactically~*~*~ (retreating).
  2153 | D:4      | 2153 ||| Stepping ~*~*~tactically~*~*~ (retreating).
  2166 | D:4      | Reached skill level 7 in Ranged Weapons
  2166 | D:4      | Killed Eustachio
  2167 | D:4      | Reached XP level 7. HP: 34/44 MP: 7/7
  2419 | D:4      | 2419 ||| READING scroll labelled MYCKUQ PAB.
  2420 | D:4      | 2420 ||| READING scroll labelled VAAHIRISYE.
  2421 | D:4      | 2421 ||| DRINKING 2 puce potions.
  2422 | D:4      | 2422 ||| READING 4 scrolls of identify.
  2422 | D:4      | 2422 ||| IDENTIFYING viscous purple potion
  2423 | D:4      | 2423 ||| READING 3 scrolls of identify.
  2423 | D:4      | 2423 ||| IDENTIFYING sedimented black potion
  2424 | D:4      | 2424 ||| READING 2 scrolls of identify.
  2424 | D:4      | 2424 ||| IDENTIFYING smoky dark potion
  2425 | D:4      | 2425 ||| DROPPING potion of lignification.
  2426 | D:4      | 2426 ||| DROPPING potion of berserk rage.
  2445 | D:5      | Entered Level 5 of the Dungeon
  2480 | D:5      | 2480 ||| READING scroll of enchant armour.
  2480 | D:5      | 2480 ||| ENCHANTING +0 pair of boots.
  2528 | D:5      | Noticed Grinder
  2531 | D:5      | Paralysed by Grinder for 3 turns
  2534 | D:5      | 2534 ||| RETREEAATING.
  2535 | D:5      | 2535 ||| STILL RETREEAATING.
  2536 | D:5      | 2536 ||| STILL RETREEAATING.
  2537 | D:5      | 2537 ||| STILL RETREEAATING.
  2538 | D:5      | 2538 ||| STILL RETREEAATING.
  2539 | D:5      | 2539 ||| STILL RETREEAATING.
  2540 | D:5      | 2540 ||| STILL RETREEAATING.
  2541 | D:5      | 2541 ||| STILL RETREEAATING.
  2542 | D:5      | 2542 ||| STILL RETREEAATING.
  2542 | D:5      | Paralysed by Grinder for 5 turns
  2547 | D:5      | 2547 ||| Stepping ~*~*~tactically~*~*~ (retreating).
  2548 | D:5      | 2548 ||| Stepping ~*~*~tactically~*~*~ (retreating).
  2549 | D:5      | 2549 ||| Stepping ~*~*~tactically~*~*~ (retreating).
  2550 | D:5      | 2550 ||| Stepping ~*~*~tactically~*~*~ (retreating).
  2551 | D:5      | 2551 ||| Stepping ~*~*~tactically~*~*~ (retreating).
  2552 | D:5      | 2552 ||| Stepping ~*~*~tactically~*~*~ (retreating).
  2556 | D:5      | HP: 1/44 [acid (11)]
  2558 | D:5      | Mangled by an iguana

Levels and vault maps discovered:
D:1:      minmay_arrival_nine_rooms, layout_rooms,
          hangedman_abyss_or_decor_lesser_grid, chequers_serial_rivers_small_b
D:2:      layout_basic
D:3:      layout_basic
D:4:      layout_cave_pools, minmay_snake_closets, uniq_eustachio
D:5:      layout_layer_cave, nicolae_grassy_gnolls, uniq_grinder

Skill      XL: |  1  2  3  4  5  6 |
---------------+-------------------+-----
Ranged Weapons | 5 6 7 |  7.9
Fighting       | 3 4 |  4.3
Armour         | 1 |  1.0
Dodging        | |  1.5
Stealth        | |  1.1

Action                     |  1- 3 |  4- 6 |  7- 9 || total
---------------------------+-------+-------+-------++-------
   Fire: Shortbow          |   129 |   139 |    48 ||   316
    Use: Scroll            |     1 |       |     6 ||     7
         Potion            |       |       |     1 ||     1
 Armour: Leather armour    |    27 |    15 |       ||    42
         Ring mail         |       |    18 |    24 ||    42
  Dodge: Dodged            |    37 |    33 |    20 ||    90

Table legend:
 A = Non-vault XP
 B = Vault XP
 C = Vault XP percentage of total XP
 D = Non-vault monster count
 E = Vault monster count
 F = Vault count percentage of total count
                 A         B        C        D         E       F
            +---------+---------+-------+---------+---------+-------
      Total |     588 |     264 |  31.0 |      83 |      12 |  12.6
            +---------+---------+-------+---------+---------+-------
        D:1 |      38 |       0 |   0.0 |      23 |       0 |   0.0
        D:2 |      62 |       0 |   0.0 |      22 |       0 |   0.0
        D:3 |      78 |       0 |   0.0 |      15 |       0 |   0.0
        D:4 |     371 |     264 |  41.6 |      22 |      12 |  35.3
        D:5 |      39 |       0 |   0.0 |       1 |       0 |   0.0
            +---------+---------+-------+---------+---------+-------
